AoeStats
← [xCs]PLO_Style

Arabia

509381045Analyzed
1v1 RM · 4d ago on Sep 26, 2026· 15m 36s· 2 players
Game mode
Random Map
Map size
Tiny (2 player)
Population
200
Speed
Normal
Resources
Standard
Victory
Conquest
Starting age
Dark Age
Ending age
Imperial Age
RankedLock teamsTeams togetherTeam positionsShared explorationLock speedFull tech treeHidden civsTurbo modeCheats
Victory
Defeat
🇹🇷 Huns · Türkiye
1788
+14
🇨🇦 Danes · Canada
1746
-14
[xCs]PLO_Style
6:05 Loom
8:49 Feudal Age
9:12 Man-at-Arms
9:49 Double-Bit Axe
11:04 Horse Collar
PIKACHU
6:07 Loom
8:50 Feudal Age
9:22 Double-Bit Axe
Connection lost

Rejoining the realm…

Still unreachable

The connection could not be restored.

Session expired

The server has moved on; the page needs a fresh start.